 Dungeon Crawl Stone Soup version 0.31-a0-345-g1ebeae05c6 (webtiles) character file.

Game seed: 9521334377231128028

98 derpindaisy the Trooper (level 4, -1/38 HPs)
             Began as a Barachi Warper on July 22, 2023.
             Was an Initiate of Sif Muna.
             Killed by divine providence
             ... invoked by an orc priest
              (14 damage)
             ... on level 3 of the Dungeon.
             The game lasted 00:05:41 (2471 turns).

derpindaisy the Trooper (Barachi Warper)            Turns: 2471, Time: 00:05:42

Health: -1/38      AC:  3    Str: 14    XL:     4   Next: 71%
Magic:  7/7        EV: 11    Int: 14    God:    Sif Muna [......]
Gold:   91         SH:  0    Dex: 11    Spells: 5/7 levels left

rFire   . . .        a - +0 spear
rCold   . . .        (no shield)
rNeg    . . .        b - +0 leather armour
rPois   .            (no helmet)
rElec   .            (no cloak)
rCorr   .            (no gloves)
SInv    .            (no boots)
Will    +....        (no amulet)
Stlth   +            l - ring of willpower
HPRegen 0.26/turn    (no ring)
MPRegen 0.10/turn

%: no passive effects
@: slow
A: amphibious, slowness 1, strong legs 1, +LOS
a: Hop, Renounce Religion


You were on level 3 of the Dungeon.
You worshipped Sif Muna.
Sif Muna was noncommittal.
You visited 1 branch of the dungeon, and saw 3 of its levels.

You collected 91 gold pieces.

Inventory:

Hand Weapons
 a - a +0 spear (weapon)
Missiles
 d - 7 boomerangs of dispersal (quivered)
 f - 2 curare-tipped darts
 j - 9 poisoned darts
Armour
 b - a +0 leather armour (worn)
Jewellery
 l - a ring of willpower (left hand)
Scrolls
 c - a scroll of blinking
 e - a scroll of noise {unknown}
 g - 6 scrolls of teleportation {unknown}
 i - a scroll of revelation {unknown}
 m - 3 scrolls of fog {unknown}
 n - a scroll of identify
Potions
 h - a potion of mutation
 k - a potion of lignification {unknown}
 o - a potion of enlightenment {unknown}


   Skills:
 + Level 4.4 Fighting
 + Level 3.6 Polearms
 - Level 1.0 Throwing
 - Level 1.2 Armour
 - Level 2.1 Dodging
 - Level 2.1 Spellcasting
 - Level 3.2 Translocations


You had 5 spell levels left.
You knew the following spells:

 Your Spells              Type           Power      Damage    Failure   Level
a - Blink                 Tloc           20%        N/A       11%         2

Your spell library contained the following spells:

 Spells                   Type           Power      Damage    Failure   Level
 Lesser Beckoning         Tloc           20%        N/A       11%         2
 Teleport Other           Tloc           10%        N/A       22%         3
 Freeze                   Ice            4%         1d3       28%         1
 Vhi's Electric Charge    Tloc/Air       12%        N/A       41%         3
 Manifold Assault         Tloc           10%        N/A       58%         4
 Frozen Ramparts          Ice            2%         1d1       65%         3
 Hailstorm                Conj/Ice       1%         3d3       65%         3
 Alistair's Intoxication  Tmut/Pois      0%         N/A       100%        5
 Borgnjor's Vile Clutch   Necr/Erth      0%         N/A       100%        5
 Eringya's Noxious Bog    Tmut/Pois      0%         4d6       100%        6


Dungeon Overview and Level Annotations

Branches:
Dungeon (3/15)

Altars:
Sif Muna


Innate Abilities, Weirdness & Mutations

You are amphibious.
You cover ground slowly.
You can hop short distances.
You have an extended range of vision and can be seen from far away.


Message History

You are too injured to fight recklessly!
You are too injured to fight recklessly!
You are too injured to fight recklessly!
You are too injured to fight recklessly!
You are too injured to fight recklessly!
You are too injured to fight recklessly!
You are too injured to fight recklessly!
You are too injured to fight recklessly!
You are too injured to fight recklessly!
You are too injured to fight recklessly!
You are too injured to fight recklessly!
You are too injured to fight recklessly!
You are too injured to fight recklessly!
You are too injured to fight recklessly!
You are too injured to fight recklessly!
You are too injured to fight recklessly!
You are too injured to fight recklessly!
You are too injured to fight recklessly!
You are too injured to fight recklessly!
You are too injured to fight recklessly!
You are too injured to fight recklessly!
You are too injured to fight recklessly!
Reach: a) +0 spear
Press: ? - help, Dir - move target, f - you
Okay, then.
Items here: )))) [ ††.
You are too injured to fight recklessly!
You are too injured to fight recklessly!
You barely miss the orc priest. The orc priest misses you.
You hit the orc priest.
The orc priest is moderately wounded.
The orc priest hits you with a +0 whip.
You barely miss the orc priest.
The orc priest is moderately wounded.
The orc priest hits you with a +0 whip.
You hit the orc priest but do no damage.
The orc priest is moderately wounded.
The orc priest calls down the wrath of Beogh upon you.
Beogh smites you!
You die...

####.......#
#.........#.# #.......#
#.#.........## #.......#
#..<......#...
#.......########.....#.#.
#..........#.........#.#.
########.#.#.####........
#.#...# #...###.#.
#.##### #.#.# #.#. #@#
#.#.. ..#. .. #o#
.....##### .... #w#
......# ......##.#
..w......#
.........)..o.S..
##.........o.....
#...............
#...............


You could see an orc priest and a dart slug.

Vanquished Creatures
  2 adders (D:3)
  10 orcs (D:3)
  8 bats
  6 endoplasms
  3 giant cockroaches (D:1)
  9 goblins
  4 hobgoblins
  4 jackals (D:3)
  A quokka (D:3)
  3 ball pythons
  3 frilled lizards (D:1)
  5 kobolds
  5 rats
63 creatures vanquished.

Notes
Turn   | Place    | Note
-------+----------+-------------------------------------------
     0 | D:1      | derpindaisy the Barachi Warper began the quest for the Orb.
     0 | D:1      | Reached XP level 1. HP: 17/17 MP: 3/3
    93 | D:1      | Reached XP level 2. HP: 20/23 MP: 5/5
   239 | D:1      | Reached skill level 3 in Fighting
   687 | D:1      | Reached XP level 3. HP: 29/29 MP: 6/6
  1190 | D:1      | Learned a level 2 spell: Blink
  1724 | D:2      | Found a shimmering blue altar of Sif Muna.
  1737 | D:2      | Became a worshipper of Sif Muna the Loreminder
  1993 | D:3      | Reached XP level 4. HP: 25/37 MP: 7/7
  1996 | D:3      | Reached skill level 4 in Fighting
  2471 | D:3      | Killed from afar by an orc priest

Illustrated notes

Levels and vault maps discovered:
D:1:      dpeg_arrival_houses_and_road, layout_basic, nicolae_hexahallways,
          grunt_decor_clamped
D:2:      layout_basic, basic_altar
D:3:      layout_basic

Skill      XL: |  1  2  3  4 |
---------------+-------------+-----
Fighting       | 3 4 |  4.4
Polearms       | 3 |  3.6
Throwing       | |  1.0
Armour         | |  1.2
Dodging        | |  2.1
Spellcasting   | |  2.1
Translocations | |  3.2

Action                     |  1- 3 |  4- 6 || total
---------------------------+-------+-------++-------
  Melee: Spear             |   137 |   114 ||   251
         Punch             |       |     4 ||     4
    Use: Scroll            |     2 |     1 ||     3
         Potion            |       |     1 ||     1
   Stab: Sleeping          |     1 |       ||     1
 Armour: Leather armour    |    22 |    24 ||    46
  Dodge: Dodged            |    44 |    67 ||   111

Table legend: (Time is in decaauts)
 A = Elapsed time spent in this place.
 B = Non-inter-level travel time spent in this place.
 C = Inter-level travel time spent in this place.
 D = Time resting spent in this place.
 E = Time spent auto-exploring this place.
 F = Levels seen in this place.
 G = Mean time per level.
                   A        B        C        D        E       F      G
               +--------+--------+--------+--------+--------+-----+--------+
         Total |   2801 |   2595 |    206 |    369 |   1798 |   3 |  933.7 |
       Dungeon |   2801 |   2595 |    206 |    369 |   1798 |   3 |  933.7 |
               +--------+--------+--------+--------+--------+-----+--------+

Top non-repeatable levels by time:
     D:1: 1525 daAuts
     D:2: 801 daAuts
     D:3: 473 daAuts
